 Dungeon Crawl Stone Soup version 0.30-a0-389-g8d7d949f56 (webtiles) character file.

Game seed: 797374020096684027

5127 cowcol the Cleaver (level 10, -2/126 HPs)
             Began as a Yellow Draconian Berserker on Dec 3, 2022.
             Was a Priest of Trog.
             Slain by a black mamba (6 damage)
             ... on level 2 of the Lair of Beasts.
             The game lasted 00:31:00 (10341 turns).

cowcol the Cleaver (Yellow Draconian Berserker)    Turns: 10341, Time: 00:31:00

Health: -2/126     AC: 11    Str: 21    XL:     10   Next: 33%
Magic:  11/11      EV: 19    Int:  9    God:    Trog [***...]
Gold:   518        SH:  0    Dex: 12    Spells: 9/9 levels left

rFire   . . .      SeeInvis .    K - +1 battleaxe (freeze)
rCold   + . .      Faith    +    (shield currently unavailable)
rNeg    . . .      Spirit   .    (body armour unavailable)
rPois   .          Reflect  .    R - +1 hat
rElec   .          Harm     .    (no cloak)
rCorr   +          Rampage  .    (no gloves)
Will    +....                    r - +2 pair of boots
Stlth   ..........               I - amulet of faith
HPRegen 0.41/turn                b - +4 ring of evasion
MPRegen 0.12/turn                c - ring of protection from cold

@: berserking (expiring), invisible, very quick
A: spit acid, AC +7, unfitting armour, cold-blooded, acid resistance, high MP 1,
strong-willed 1
a: Breathe Acid, Renounce Religion, Berserk, Trog's Hand


You were on level 2 of the Lair of Beasts.
You worshipped Trog.
Trog was most pleased with you.
You visited 2 branches of the dungeon, and saw 10 of its levels.

You collected 518 gold pieces.

Inventory:

Hand Weapons
 a - a +0 hand axe
 e - a +0 club
 i - a +0 mace
 j - a +0 dagger
 l - a +0 short sword
 q - a +0 great sword
 v - a +0 flail
 x - a +0 falchion
 y - a +0 trident
 E - a +3 morningstar
 F - a +0 morningstar
 K - a +1 battleaxe of freezing (weapon)
 L - a +4 halberd
Missiles
 k - 11 poisoned darts (quivered)
Armour
 r - a +2 pair of boots (worn)
 s - a +0 tower shield
 R - a +1 hat (worn)
Jewellery
 b - a +4 ring of evasion (left hand)
 c - a ring of protection from cold (right hand)
 h - a ring of see invisible
 B - a ring of willpower
 I - an amulet of faith (around neck)
 O - a ring of ice
 Q - a +4 ring of protection
Wands
 J - a wand of mindburst (7)
 M - a wand of paralysis (7)
Scrolls
 n - 3 scrolls of amnesia
 A - 2 scrolls of silence
 H - a scroll of identify
 P - a scroll of immolation
Potions
 f - 2 potions of mutation
 g - 2 potions of attraction {unknown}
 m - 3 potions of resistance
 o - 2 potions of might {unknown}
 p - 3 potions of magic
 t - 2 potions of brilliance {unknown}
 u - 3 potions of curing {unknown}
 w - a potion of haste {unknown}
 z - 3 potions of flight {unknown}
 C - a potion of berserk rage {unknown}
 G - 2 potions of heal wounds {unknown}
 N - a potion of cancellation {unknown}


   Skills:
 + Level 6.6 Fighting
 * Level 5.7 Long Blades
 + Level 8.0(8.8) Axes
 - Level 4.8(7.3) Maces & Flails
 * Level 2.0(5.7) Polearms
 - Level 2.3(4.1) Staves
 * Level 7.6 Dodging
 + Level 1.9 Stealth
 + Level 3.6 Shields


You had 9 spell levels left.
You didn't know any spells.
Your spell library was empty.

Dungeon Overview and Level Annotations

Branches:
Dungeon (8/15)             Temple (0/1) D:7            Lair (2/5) D:8
  Swamp: Lair:2-3    Shoals: Lair:2-3     Snake: Lair:2-3    Spider: Lair:2-3

Altars:
Ashenzari
Elyvilon
Gozag
Wu Jian
Xom
Yredelemnul
The Shining One


Innate Abilities, Weirdness & Mutations

You can spit globs of acid.
Your golden yellow scales are hard. (AC +7)
You cannot fit into any form of body armour.
You are cold-blooded and may be slowed by cold attacks.
You are resistant to acid. (rCorr)
You have an increased reservoir of magic. (+10% MP)
You are strong-willed. (Will+)


Message History

The wolf misses you. The wolf bites you.
* * * LOW HITPOINT WARNING * * *
The wolf barely misses you. The wolf bites you but does no damage.
The wolf closely misses you. The wolf misses you.
The bullfrog hits you but does no damage.
You closely miss the wolf. You tail-slap the wolf.
You kill the wolf!
Trog accepts your kill.
You barely miss the wolf. x2; You barely miss the bullfrog.
The wolf bites you but does no damage. The wolf completely misses you.
The wolf barely misses you. The bullfrog barely misses you.
You closely miss the wolf. You hit the wolf. You freeze the wolf.
You barely miss the bullfrog. The wolf completely misses you.
The wolf closely misses you. The bullfrog misses you. The wolf bites you.
* * * LOW HITPOINT WARNING * * *
You closely miss the wolf. You hit the wolf. You freeze the wolf.
You closely miss the bullfrog. The wolf misses you. The wolf barely misses you.
The wolf bites you!
* * * LOW HITPOINT WARNING * * *
The black mamba bites you!
* * * LOW HITPOINT WARNING * * *
The bullfrog misses you.
You slice the wolf!! You freeze the wolf!
You feel the power of Trog in you as your rage grows.
You kill the wolf!
Trog accepts your kill.
You slash the black mamba! You freeze the black mamba. You slash the bullfrog!
The bullfrog seems to slow down.
You freeze the bullfrog.
You kill the bullfrog!
Trog accepts your kill.
You miss the wolf. The wolf bites you.
* * * LOW HITPOINT WARNING * * *
The black mamba barely misses you.
Your Axes skill increases to level 8!
Your base Polearms skill increases to level 2!
The wolf completely misses you. x2
The wolf attacks as you move away! The wolf closely misses you.
You feel a strong urge to attack something.
The black mamba bites you.
You die...

#....## #....# ##....##
#......# ###
#.....####..#P
###............
###..............
#########.#..............
..............@S........~
...............h†.......~
......>.................♣
........................#
P#####.####..#.###..#####
## ###### ###


You could see a black mamba (unable to see you) and a wolf.

Vanquished Creatures
  Gastronok (Lair:1)
  The ghost of tio the Reanimator, a novice DsNe of Hepliaklqana (D:6)
  Eustachio (D:4)
  A steam dragon (D:7)
  An acid dragon (D:8)
  A water moccasin (D:7)
  An orc warrior (D:8)
  A sky beast (D:6)
  2 ice beasts (D:6)
  4 wolves (Lair:2)
  A centaur (D:7)
  4 bullfrogs
  2 necrophages
  2 gnoll sergeants
  3 scorpions
  4 wights (D:6)
  6 killer bees (D:7)
  5 howler monkeys
  A lava snake (D:7)
  3 hounds
  A jelly (D:7)
  2 gnoll boudas
  7 orc priests
  3 iguanas
  Natasha (twice) (D:3)
  6 orc wizards
  10 adders
  23 gnolls
  2 worms
  5 dart slugs
  30 orcs
  6 ball pythons
  2 bats
  7 endoplasms
  3 giant cockroaches
  4 goblins
  7 hobgoblins
  7 jackals
  4 quokkas
  4 frilled lizards
  5 kobolds
  9 rats
194 creatures vanquished.

Vanquished Creatures (others)
  A plant (Lair:2)
1 creature vanquished.

Grand Total: 195 creatures vanquished

Notes
Turn   | Place    | Note
-------+----------+-------------------------------------------
     0 | D:1      | cowcol the Draconian Berserker began the quest for the Orb.
     0 | D:1      | Reached XP level 1. HP: 19/19 MP: 1/1
   164 | D:1      | Reached XP level 2. HP: 26/26 MP: 2/2
   991 | D:2      | Reached XP level 3. HP: 32/33 MP: 3/3
  1240 | D:2      | Gained mutation: You have an increased reservoir of magic.
                  | (+10% MP) [potion of mutation]
  1240 | D:2      | Gained mutation: You are strong-willed. (Will+) [potion of
                  | mutation]
  1299 | D:2      | Identified the +0 leather armour "Urra" {-Tele Harm rElec
                  | rF+}
  1365 | D:2      | Reached ** piety under Trog
  1417 | D:2      | Reached skill level 4 in Axes
  1417 | D:2      | Reached XP level 4. HP: 38/40 MP: 4/4
  2937 | D:3      | Reached XP level 5. HP: 46/46 MP: 5/5
  3088 | D:3      | Reached skill level 5 in Axes
  3206 | D:3      | Reached skill level 1 in Long Blades
  3405 | D:3      | Noticed Natasha
  3424 | D:3      | Killed Natasha
  3425 | D:3      | Reached XP level 6. HP: 20/52 MP: 6/6
  3570 | D:3      | Found a broken altar of Ashenzari.
  3839 | D:3      | Noticed Natasha
  3857 | D:3      | Killed Natasha
  3858 | D:3      | Reached skill level 1 in Shields
  4265 | D:4      | Your scales start taking on a golden yellow colour.
  4265 | D:4      | Reached XP level 7. HP: 51/60 MP: 7/7
  4265 | D:4      | Gained mutation: You are resistant to acid. (rCorr) [Yellow
                  | Draconian growth]
  4592 | D:4      | Noticed Eustachio
  4621 | D:4      | Killed Eustachio
  4907 | D:5      | Entered Level 5 of the Dungeon
  5127 | D:5      | Found a shimmering altar of Xom.
  5432 | D:4      | Reached skill level 5 in Dodging
  5606 | D:5      | Reached skill level 1 in Stealth
  6151 | D:5      | Reached skill level 5 in Fighting
  6151 | D:5      | Reached skill level 1 in Maces & Flails
  6151 | D:5      | Reached XP level 8. HP: 68/68 MP: 8/8
  6277 | D:5      | Reached *** piety under Trog
  7128 | D:6      | Found a large runed translucent door.
  7128 | D:6      | Found a large runed translucent door.
  7132 | D:6      | Noticed tio's ghost (novice DsNe)
  7157 | D:6      | Killed tio's ghost
  7214 | D:6      | Reached skill level 6 in Axes
  7424 | D:6      | Reached XP level 9. HP: 53/74 MP: 9/9
  8223 | D:7      | Reached skill level 1 in Staves
  8318 | D:7      | Identified the +1 robe "Zixkuvud" {Dex+2}
  8562 | D:7      | Found a staircase to the Ecumenical Temple.
  8592 | D:7      | Found an ornate altar of the Wu Jian Council.
  8754 | D:7      | Found a white marble altar of Elyvilon.
  9142 | D:8      | Found a staircase to the Lair.
  9290 | D:8      | Reached skill level 5 in Long Blades
  9290 | D:8      | Reached skill level 7 in Axes
  9784 | D:8      | Found a glowing golden altar of the Shining One.
  9867 | D:8      | Found an opulent altar of Gozag.
  9955 | D:8      | Found a basalt altar of Yredelemnul.
 10139 | Lair:1   | Entered Level 1 of the Lair of Beasts
 10139 | Lair:1   | Noticed Gastronok
 10157 | Lair:1   | Killed Gastronok
 10158 | Lair:1   | Reached skill level 1 in Polearms
 10158 | Lair:1   | Reached XP level 10. HP: 48/84 MP: 11/11
 10299 | Lair:1   | You fall into a shaft and drop 1 floor!
 10304 | Lair:2   | Noticed a black mamba
 10337 | Lair:2   | HP: 5/126 [black mamba (7)]
 10339 | Lair:2   | Reached skill level 8 in Axes
 10341 | Lair:2   | Slain by a black mamba

Illustrated notes

Levels and vault maps discovered:
D:1:      beargit_arrival_diablo_church, layout_loops_ring, st_stairs_5
D:2:      layout_loops_ring, minmay_misc_feat_chi
D:3:      layout_basic, marbit_many_paths, uniq_natasha
D:4:      layout_cave_pools, uniq_eustachio
D:5:      layout_basic, lemuel_round_altar
D:6:      layout_cave_pools, ebering_ghost_disaster_area,
          minmay_misc_feat_pillars, minmay_misc_feat_nine_boxes,
          nrook_pool_corridor, nicolae_elevator_lobby_plus
D:7:      layout_basic, mainiacjoe_overflow_alcove_2, lemuel_crystal_altar,
          minmay_temple_entry_statues_fountains, kennysheep_path_1,
          grunt_ministairs_14, grunt_decor_junction
D:8:      layout_basic, mainiacjoe_overflow_six_doors_small,
          nicolae_tso_carved_into_rock, mainiacjoe_overflow_boulevard,
          lair_entry_dummy
Lair:1:   layout_misc_corridors, grunt_megastairs_5,
          infiniplex_staircase_pool_2, uniq_erica, uniq_gastronok
Lair:2:   layout_big_grid, cheibrodos_lair_reptile_den, grunt_megastairs_3,
          infiniplex_staircase_pool, serial_bayou_shore_b

Skill      XL: |  1  2  3  4  5  6  7  8  9 10 |
---------------+-------------------------------+-----
Dodging        | 3 4 5 6 7 |  7.6
Fighting       | 4 5 6 |  6.6
Axes           | 4 5 6 7 8 |  8.0
Long Blades    | 1 2 3 5 |  5.7
Shields        | 2 3 |  3.6
Stealth        | 1 |  1.9
Maces & Flails | 1 4 |  4.8
Staves         | 2 |  2.3
Polearms       | 1 2 |  2.0

Action                   |  1- 3 |  4- 6 |  7- 9 | 10-12 || total
-------------------------+-------+-------+-------+-------++-------
Melee: Hand axe          |   107 |   190 |    74 |       ||   371
       Tailslap          |     6 |    14 |    34 |     2 ||    56
       Punch             |     1 |       |       |       ||     1
       Morningstar       |       |       |   108 |       ||   108
       Battleaxe         |       |       |   154 |    10 ||   164
Throw: Dart              |     2 |       |       |       ||     2
Invok: Berserk           |     1 |     7 |    18 |     1 ||    27
       Trog's Hand       |       |     2 |     3 |       ||     5
 Abil: Breathe Acid      |       |       |    15 |       ||    15
Evoke: Wand              |       |       |     1 |       ||     1
  Use: Scroll            |     4 |     4 |     8 |     2 ||    18
       Potion            |     1 |       |       |     1 ||     2
 Stab: Sleeping          |       |       |     2 |       ||     2
Armor: Skin              |    17 |    54 |   102 |    15 ||   188
Dodge: Dodged            |   104 |   102 |   334 |    75 ||   615
Block: Tower shield      |       |    81 |   132 |       ||   213

Table legend: (Time is in decaauts)
 A = Elapsed time spent in this place.
 B = Non-inter-level travel time spent in this place.
 C = Inter-level travel time spent in this place.
 D = Time resting spent in this place.
 E = Time spent auto-exploring this place.
 F = Levels seen in this place.
 G = Mean time per level.
                   A        B        C        D        E       F      G
               +--------+--------+--------+--------+--------+-----+--------+
         Total |  10826 |  10614 |    212 |   3720 |   4633 |  10 | 1082.6 |
       Dungeon |  10600 |  10388 |    212 |   3720 |   4501 |   8 | 1325.0 |
          Lair |    226 |    226 |      0 |      0 |    132 |   2 |  113.0 |
               +--------+--------+--------+--------+--------+-----+--------+

Top non-repeatable levels by time:
     D:2: 1961 daAuts
     D:7: 1568 daAuts
     D:4: 1471 daAuts
     D:5: 1326 daAuts
     D:3: 1233 daAuts
     D:8: 1040 daAuts
     D:6: 1022 daAuts
     D:1: 975 daAuts
  Lair:1: 186 daAuts
  Lair:2: 39 daAuts
